 Dungeon Crawl Stone Soup version 0.31-a0-267-g3fc6992b3b (webtiles) character file.

Game seed: 12204069387513556374

938 qw the Skirmisher (level 7, -2/61 HPs)
             Began as a Minotaur Hexslinger on July 14, 2023.
             Slain by a killer bee (6 damage)
             ... on level 5 of the Dungeon.
             The game lasted 00:01:41 (3926 turns).

qw the Skirmisher (Minotaur Hexslinger)             Turns: 3926, Time: 00:01:41

Health: -2/61      AC:  4    Str: 13    XL:     7   Next: 87%
Magic:  7/7        EV: 13    Int: 10    God:
Gold:   209        SH:  0    Dex: 14    Spells: 7/8 levels left

rFire   + . .        j - +2 sling (heavy)
rCold   . . .        (no shield)
rNeg    . . .        n - +2 robe {Will+}
rPois   .            (helmet restricted)
rElec   .            (no cloak)
rCorr   .            (no gloves)
SInv    .            (no boots)
Will    +....        (no amulet)
Stlth   +            a - ring of protection from fire
HPRegen 0.30/turn    (no ring)
MPRegen 0.10/turn

%: no passive effects
@: lethally poisoned (-2 -> -17)
A: horns 2, retaliatory headbutt
a: no special abilities


You were on level 5 of the Dungeon.
You visited 1 branch of the dungeon, and saw 5 of its levels.

You collected 209 gold pieces.


Innate Abilities, Weirdness & Mutations

You have a pair of horns on your head.
You reflexively headbutt those who attack you in melee.


   Skills:
 - Level 5.3 Fighting
 + Level 8.4 Ranged Weapons
 - Level 1.0 Armour
 - Level 3.3 Dodging
 - Level 1.0 Spellcasting
 - Level 2.0 Hexes


You had 7 spell levels left.
You knew the following spells:

 Your Spells              Type           Power      Damage    Failure   Level
a - Slow                  Hex            16%        N/A       16%         1

Your spell library contained the following spells:

 Spells                   Type           Power      Damage    Failure   Level
 Inner Flame              Hex/Fire       2%         N/A       56%         3
 Portal Projectile        Hex/Tloc       4%         N/A       56%         3
 Cause Fear               Hex            2%         N/A       83%         4

Inventory:

Hand Weapons
 j - a +2 heavy sling (weapon)
Armour
 n - a +2 robe of willpower (worn)
Jewellery
 a - a ring of protection from fire (left hand)
 b - a ring of willpower
 g - a +5 ring of evasion
Scrolls
 h - a scroll of identify
Potions
 c - 2 potions of enlightenment
 d - a potion of resistance
 f - a potion of attraction {unknown}
 i - a potion of invisibility {unknown}
 k - 2 potions of curing
 l - a potion of haste {unknown}
 m - a potion of lignification {unknown}

Dungeon Overview and Level Annotations

Branches:
Dungeon (5/15)
 Temple: D:4-7

Altars:
Qazlal
Xom

Shops:
D:2 (

Annotations:
D:1 exclusion: endoplasm
D:3 1 runed translucent door, qw's ghost, amateur MiHs


Message History

The killer bee poisons you!
Your Dodging skill increases to level 3!
You shoot a sling bullet. The sling bullet misses the killer bee.
You feel extremely sick. The killer bee barely misses you.
The killer bee stings you but does no damage.
The killer bee stings you. The killer bee misses you.
The killer bee closely misses you. You furiously retaliate!
You headbutt the killer bee! The killer bee stings you!
You are more poisoned.
The killer bee poisons you! The killer bee barely misses you.
The killer bee stings you.
You are more poisoned.
The killer bee poisons you! The killer bee closely misses you.
3924 ||| DRINKING potion of heal wounds.
You feel much better.
You feel extremely sick. The killer bee stings you.
The killer bee stings you but does no damage.
The killer bee closely misses you. The killer bee misses you.
The killer bee closely misses you. x2; You furiously retaliate!
You headbutt the killer bee. You shoot a sling bullet.
The sling bullet barely misses the killer bee.
You feel extremely sick. The killer bee completely misses you.
The killer bee barely misses you. The killer bee misses you.
The killer bee stings you but does no damage.
The killer bee misses you. You furiously retaliate!
You headbutt the killer bee. The killer bee closely misses you.
The killer bee stings you but does no damage.
The killer bee stings you.
You are more poisoned.
The killer bee poisons you! The killer bee barely misses you.
You shoot a sling bullet.
The sling bullet completely misses the killer bee.
You feel extremely sick. The killer bee closely misses you.
The killer bee barely misses you. The killer bee stings you.
You die...

#.#.............#
#.#........#..#.#
###.#.##.#.###..#.##
#...#.##.#.........#
#.##...#.####......#
#.....##.##........#
####..##'##..%.....#
#.>#.....#....y.#
#..#.....#...@y.#
#..+.....#####y......
##'##.....# .######
#....>...## .#
#........# .#
#........## .#
#.........# .#
#....####.# .# #....#
#.#


You could see 3 killer bees.

Vanquished Creatures
  Grinder (D:5)
  An ice beast (D:5)
  2 ogres (D:5)
  2 scorpions
  A killer bee (D:5)
  A howler monkey (D:5)
  3 jellies (D:4)
  An orc wizard (D:3)
  4 adders (D:4)
  3 ufetubi
  A dart slug (D:5)
  17 orcs
  6 ball pythons
  11 endoplasms
  3 giant cockroaches
  9 goblins
  11 hobgoblins
  7 jackals
  9 kobolds
  4 quokkas
  7 bats
  3 frilled lizards
  8 rats
115 creatures vanquished.

Notes
Turn   | Place    | Note
-------+----------+-------------------------------------------
     0 | D:1      | qw the Minotaur Hexslinger began the quest for the Orb.
     0 | D:1      | Reached XP level 1. HP: 16/16 MP: 1/1
     0 | D:1      | 0 ||| qw: Version: 0.3-a-52-g30416fa
     0 | D:1      | 0 ||| qw: Game counter: 7811
     0 | D:1      | 0 ||| qw: Melee chars always use a shield: true
     0 | D:1      | 0 ||| qw: God list: Okawaru
     0 | D:1      | 0 ||| qw: Allow faded altars: false
     0 | D:1      | 0 ||| qw: Do Orc after clearing Dungeon:15 true
     0 | D:1      | 0 ||| qw: Do second Lair branch before Depths: true
     0 | D:1      | 0 ||| qw: Lair rune preference: random
     0 | D:1      | 0 ||| qw: Goals: Normal
     0 | D:1      | 0 ||| PLANNING D:1-11
   225 | D:1      | Reached skill level 3 in Ranged Weapons
   229 | D:1      | Reached XP level 2. HP: 22/23 MP: 2/2
   309 | D:1      | 309 ||| READING scroll labelled CERETHR REEHEUH.
   311 | D:1      | 311 ||| DROPPING scroll of poison.
   474 | D:1      | Reached XP level 3. HP: 29/29 MP: 3/3
   782 | D:1      | Found a faded altar of an unknown god.
   866 | D:1      | 866 ||| READING scroll labelled WOCRIUNL TUNK.
   867 | D:1      | 867 ||| READING scroll labelled JIMIXT NOHIXZA.
  1155 | D:2      | Reached skill level 4 in Ranged Weapons
  1155 | D:2      | Found Roemeag's Antique Weapon Emporium.
  1172 | D:2      | 1172 ||| SHOPLISTING glowing orcbow (156 gold, have 52).
  1172 | D:2      | 1172 ||| SHOPLISTING runed sling (108 gold, have 52).
  1221 | D:2      | 1221 ||| FLEEEEING.
  1782 | D:2      | 1782 ||| UPGRADING to +0 ring mail.
  1792 | D:2      | 1792 ||| DROPPING +0 robe.
  1793 | D:2      | 1793 ||| UPGRADING to ring of protection from fire.
  1794 | D:2      | 1794 ||| READING scroll labelled FUUW KATIZ.
  1795 | D:2      | 1795 ||| DRINKING 2 cyan potions.
  1949 | D:3      | Found a runed translucent door.
  1950 | D:3      | Noticed qw's ghost (amateur MiHs)
  2050 | D:3      | Reached skill level 1 in Armour
  2053 | D:3      | Reached XP level 4. HP: 33/36 MP: 4/4
  2106 | D:3      | Found a shimmering altar of Xom.
  2465 | D:3      | Found a stormy altar of Qazlal.
  2505 | D:3      | 2505 ||| DROPPING amulet of magic regeneration.
  2506 | D:3      | 2506 ||| READING scroll labelled MAENECACIETZ.
  2507 | D:3      | 2507 ||| READING scroll labelled TIAF LIXZEAWO.
  2533 | D:3      | 2533 ||| READING 2 scrolls of identify.
  2533 | D:3      | 2533 ||| IDENTIFYING fizzy orange potion
  2534 | D:3      | 2534 ||| DROPPING potion of brilliance.
  2561 | D:4      | 2561 ||| PLANNING OSSUARY
  2585 | D:4      | Reached skill level 5 in Ranged Weapons
  2612 | D:4      | Reached skill level 3 in Fighting
  2612 | D:4      | Reached XP level 5. HP: 17/45 MP: 5/5
  2905 | D:4      | 2905 ||| SWAPPING to +2 heavy sling.
  2906 | D:4      | 2906 ||| DROPPING +1 sling.
  3031 | D:4      | HP: 11/45 [orc/+0 short sword (3)]
  3032 | D:4      | 3032 ||| READING scroll of teleportation.
  3033 | D:4      | 3033 ||| DRINKING 2 potions of heal wounds.
  3098 | D:4      | Reached skill level 6 in Ranged Weapons
  3180 | D:4      | Reached XP level 6. HP: 51/51 MP: 6/6
  3192 | D:4      | 3192 ||| FLEEEEING.
  3193 | D:4      | 3193 ||| FLEEEEING.
  3194 | D:4      | 3194 ||| FLEEEEING.
  3195 | D:4      | 3195 ||| FLEEEEING.
  3196 | D:4      | 3196 ||| FLEEEEING.
  3197 | D:4      | 3197 ||| FLEEEEING.
  3201 | D:4      | 3201 ||| FLEEEEING.
  3206 | D:4      | 3206 ||| FLEEEEING.
  3207 | D:4      | 3207 ||| FLEEEEING.
  3208 | D:4      | 3208 ||| FLEEEEING.
  3209 | D:4      | 3209 ||| FLEEEEING.
  3210 | D:4      | 3210 ||| FLEEEEING.
  3211 | D:4      | 3211 ||| FLEEEEING.
  3212 | D:4      | 3212 ||| FLEEEEING.
  3216 | D:4      | 3216 ||| FLEEEEING.
  3217 | D:4      | 3217 ||| FLEEEEING.
  3218 | D:4      | 3218 ||| FLEEEEING.
  3219 | D:4      | 3219 ||| FLEEEEING.
  3220 | D:4      | 3220 ||| FLEEEEING.
  3221 | D:4      | 3221 ||| FLEEEEING.
  3222 | D:4      | 3222 ||| FLEEEEING.
  3223 | D:4      | 3223 ||| FLEEEEING.
  3224 | D:4      | 3224 ||| STAIRDANCE
  3294 | D:3      | 3294 ||| DRINKING 3 sapphire potions.
  3295 | D:3      | 3295 ||| READING 2 scrolls of identify.
  3295 | D:3      | 3295 ||| IDENTIFYING viscous ruby potion
  3320 | D:4      | 3320 ||| RIP OSSUARY
  3321 | D:4      | 3321 ||| PLANNING D:1-11
  3327 | D:4      | 3327 ||| STAIRDANCE
  3608 | D:4      | 3608 ||| UPGRADING to +2 robe of willpower.
  3618 | D:4      | 3618 ||| DROPPING +0 ring mail.
  3619 | D:4      | 3619 ||| READING scroll labelled GYDDON DUJOUN.
  3620 | D:4      | 3620 ||| DRINKING 2 metallic silvery potions.
  3633 | D:5      | Entered Level 5 of the Dungeon
  3652 | D:5      | Noticed an ice beast
  3656 | D:5      | Killed an ice beast
  3657 | D:5      | Reached skill level 7 in Ranged Weapons
  3677 | D:5      | Noticed Grinder
  3679 | D:5      | Paralysed by Grinder for 4 turns
  3687 | D:5      | Killed Grinder
  3688 | D:5      | Reached skill level 8 in Ranged Weapons
  3688 | D:5      | Reached XP level 7. HP: 59/59 MP: 7/7
  3923 | D:5      | Reached skill level 3 in Dodging
  3923 | D:5      | HP: 12/61 [killer bee (8)]
  3924 | D:5      | 3924 ||| DRINKING potion of heal wounds.
  3926 | D:5      | HP: 4/61 [poisoned by a killer bee]
  3926 | D:5      | Slain by a killer bee

Levels and vault maps discovered:
D:1:      saegor_arrival_simple_a, layout_basic, shapermc_ecumenical_altar_venn,
          st_stairs_3
D:2:      layout_basic, serial_shops, nicolae_shop_stone
D:3:      layout_loops_ring, mainiacjoe_overflow_six_doors_small,
          lemuel_crystal_altar, gammafunk_ghost_grave
D:4:      layout_gridville, enter_ossuary_5
D:5:      layout_basic, lemuel_coloured_pillars_altar, st_stairs_12,
          uniq_grinder

Skill      XL: |  1  2  3  4  5  6  7 |
---------------+----------------------+-----
Ranged Weapons | 3 4 5 6 8 |  8.4
Fighting       | 2 3 4 5 |  5.3
Armour         | 1 |  1.0
Dodging        | 3 |  3.3
Spellcasting   | |  1.0
Hexes          | |  2.0

Action                     |  1- 3 |  4- 6 |  7- 9 || total
---------------------------+-------+-------+-------++-------
   Fire: Sling             |   156 |   169 |    17 ||   342
    Use: Scroll            |     4 |     6 |       ||    10
         Potion            |     1 |     3 |     1 ||     5
 Armour: Ring mail         |     8 |    65 |       ||    73
         Robe              |     5 |     1 |    13 ||    19
  Dodge: Dodged            |    42 |    65 |    30 ||   137

Table legend:
 A = Non-vault XP
 B = Vault XP
 C = Vault XP percentage of total XP
 D = Non-vault monster count
 E = Vault monster count
 F = Vault count percentage of total count
                 A         B        C        D         E       F
            +---------+---------+-------+---------+---------+-------
      Total |     926 |     415 |  30.9 |     110 |       5 |   4.3
            +---------+---------+-------+---------+---------+-------
        D:1 |      46 |       4 |   8.0 |      28 |       2 |   6.7
        D:2 |      32 |       0 |   0.0 |      20 |       0 |   0.0
        D:3 |      72 |       0 |   0.0 |      20 |       0 |   0.0
        D:4 |     330 |       0 |   0.0 |      34 |       0 |   0.0
        D:5 |     446 |     411 |  48.0 |       8 |       3 |  27.3
            +---------+---------+-------+---------+---------+-------
